 Dungeon Sprint DCSS version 0.32-a0-814-g0968bab981 (webtiles) character file.

Game seed: 4530440107903669003

8567 Pestilence the Carver (level 11, -3/96 HPs)
             Began as a Gnoll Cinder Acolyte on Mar 22, 2024.
             Was an Initiate of Ignis.
             Killed by divine providence
             ... invoked by an orc priest
              (14 damage)
             ... in the Dungeon (Sprint IX: "|||||||||||||||||||||||||||||").
             The game lasted 00:07:13 (1984 turns).

Pestilence the Carver (Gnoll Cinder Acolyte)        Turns: 1984, Time: 00:07:13

Health: -3/96      AC: 17    Str: 18    XL:     11   Next: 32%
Magic:  23/25      EV: 11    Int: 13    God:    Ignis [......]
Gold:   44         SH:  0    Dex:  8    Spells: 22/31 levels left

rFire   + . .        l - +4 scimitar (flame)
rCold   . . .        (no shield)
rNeg    . . .        n - +1 chain mail
rPois   .            (no helmet)
rElec   .            (no cloak)
rCorr   .            a - +0 pair of gloves
SInv    .            m - +0 pair of boots
Will    .....        (no amulet)
Stlth   ++           o - +2 ring of protection
HPRegen 0.36/turn    p - +2 ring of evasion
MPRegen 0.19/turn

%: no teleportation
@: fugue, hasted, very quick
A: fangs 1, strong nose, distributed training
a: Renounce Religion, Rising Flame


You were in the Dungeon.
You worshipped Ignis.
Ignis was noncommittal.
You visited 1 branch You collected 44 gold pieces.

Inventory:

Hand Weapons
 l - a +4 scimitar of flaming (weapon)
Armour
 a - a +0 pair of gloves (worn)
 m - a +0 pair of boots (worn)
 n - a +1 chain mail (worn)
Jewellery
 o - a +2 ring of protection (left hand)
 p - a +2 ring of evasion (right hand)
Wands
 k - a wand of quicksilver (9)
Scrolls
 h - a scroll of blinking
 j - 2 scrolls of amnesia
 q - a scroll of fog
 r - a scroll of identify
 t - 2 scrolls of enchant armour
 u - a scroll of fear
Potions
 c - a potion of invisibility
 f - 4 potions of magic
 i - 2 potions of curing


   Skills:
 + Level 12.3 Fighting
 + Level 10.5 Short Blades
 + Level 12.3 Long Blades
 + Level 10.5 Axes
 + Level 10.5 Maces & Flails
 + Level 10.5 Polearms
 + Level 10.5 Staves
 + Level 10.5 Ranged Weapons
 + Level 10.5 Throwing
 + Level 10.5 Armour
 + Level 10.5 Dodging
 + Level 10.5 Stealth
 + Level 10.5 Shields
 + Level 10.5 Unarmed Combat
 + Level 10.9 Spellcasting
 + Level 8.8 Conjurations
 + Level 8.8 Hexes
 + Level 8.8 Summonings
 + Level 8.8 Necromancy
 + Level 8.8 Translocations
 + Level 10.4 Fire Magic
 + Level 8.8 Ice Magic
 + Level 8.8 Air Magic
 + Level 8.8 Earth Magic
 + Level 8.8 Alchemy
 + Level 11.4 Invocations
 + Level 10.5 Evocations
 + Level 9.7 Shapeshifting


You had 22 spell levels left.
You knew the following spells:

 Your Spells              Type           Power      Damage    Failure   Level
a - Scorch                Fire           68%        2d7       1%          2
b - Anguish               Hex/Necr       15%        N/A       17%         4
c - Fugue of the Fallen   Necr           30%        N/A       4%          3

Your spell library contained the following spells:

 Spells                   Type           Power      Damage    Failure   Level
 Ensorcelled Hibernation  Hex/Ice        60%        N/A       2%          2


Dungeon Overview and Level Annotations

Branches:
Dungeon (1/1)

Altars:
Cheibriados
Dithmenos
Elyvilon
Fedhas
Gozag
Hepliaklqana
Kikubaaqudgha
Makhleb
Nemelex Xobeh
Okawaru
Qazlal
Ru
Sif Muna
Trog
Uskayaw
Vehumet
Wu Jian
Xom
Yredelemnul
Zin
The Shining One
Beogh
Jiyva
Lugonu


Innate Abilities, Weirdness & Mutations

You have very sharp teeth.
Your uncanny sense of smell can sniff out nearby items.
Your experience applies equally to all skills.


Message History

Beogh smites you!
* * * LOW HITPOINT WARNING * * *
You feel yourself speed up.
The wailing of tortured souls fills the air!
The orc priest casts a cantrip, but nothing happens.
The orc warrior hits you with a +0 war axe!
* * * LOW HITPOINT WARNING * * *
You hit the orc warrior but do no damage.
You bite the orc warrior, but do no damage.
The orc warrior is moderately wounded.
You slash the orc warrior! You burn the orc warrior.
The orc warrior is almost dead.
The orc warrior misses you.
The orc priest looks braver for a moment.
You slash the orc warrior! You burn the orc warrior.
You kill the orc warrior!
You feel better.
The wailing of tortured souls fills the air!
You closely miss the orc wizard.
The orc priest no longer looks unusually strong.
The orc wizard casts a spell.
The orc wizard flickers and vanishes!
Deactivating autopickup; reactivate with Ctrl-A.
You slash something! You burn something.
Reactivating autopickup.
You feel a bit more experienced.
The orc priest no longer looks unusually strong.
The orc priest invokes the aid of Beogh against you.
Pain shoots through your body!
* * * LOW HITPOINT WARNING * * *
There is an open door to the Orcish Mines, spattered with blood here.
Items here: )))) [[[ †.
You barely miss the orc priest. You slash the orc priest!
You burn the orc priest.
You kill the orc priest!
An orc comes into view. It is wielding a +0 club.
The orc priest calls down the wrath of Beogh upon you.
Beogh smites you!
You die...
Ignis goes out, and joins you in death.

_____________'....†'....†)...<▓
▓▓▓▓▓▓▓▓▓▓▓▓▓▓▓▓▓▓▓▓▓▓▓▓▓▓▓▓▓▓▓
..............................▓
▓▓▓▓▓▓▓▓▓▓▓▓▓▓▓▓▓▓▓▓▓▓▓▓▓▓▓▓▓.▓
.†.....÷')....).......'.......▓
▓▓▓▓▓▓▓▓▓▓▓▓▓▓▓▓▓▓▓▓▓▓▓▓▓▓▓▓▓▓▓
..............................▓
▓▓▓▓▓▓▓▓▓▓▓▓▓▓▓▓▓▓▓▓▓▓▓▓▓▓▓▓▓.▓
∆∆ ∆∆∆∆∆∆o$o$oo$@.............▓
▓▓▓▓▓▓▓▓▓▓▓▓▓▓▓▓▓▓▓▓▓▓ ∆∆∆∆∆∆
∆∆∆∆∆∆∆∆ ∆∆∆∆


You could see an orc warrior (strong), 2 orc priests and an orc (wandering).

Vanquished Creatures
  Josephine (D)
  A two-headed ogre (D)
  A lindwurm (D)
  An orc knight (D)
  2 cyclopes (D)
  A torpor snail (D)
  2 cane toads (D)
  An unseen horror (D)
  4 komodo dragons (D)
  A slime creature (D)
  5 wraiths (D)
  A wyvern (D)
  2 yaks (D)
  2 basilisks (D)
  3 wargs (D)
  2 hell hounds (D)
  4 water moccasins (D)
  2 orc warriors (D)
  An ogre (shapeshifter) (D)
  3 wolves (D)
  A kobold brigand (D)
  2 bullfrogs (D)
  A howler monkey (D)
  2 bombardier beetles (D)
  An orc priest (D)
  An iguana (D)
  2 orc wizards (D)
  2 adders (D)
  A dart slug (D)
  An endoplasm (D)
  A goblin (D)
  A hobgoblin (D)
  A quokka (D)
57 creatures vanquished.

Vanquished Creatures (others)
  A hell hound (D)
1 creature vanquished.

Grand Total: 58 creatures vanquished

Notes
Turn   | Place    | Note
-------+----------+-------------------------------------------
     0 | D        | Pestilence the Gnoll Cinder Acolyte began the quest for the
                  | Orb.
     0 | D        | Reached XP level 1. HP: 23/23 MP: 4/4
    11 | D        | Reached skill level 1 in Invocations
    15 | D        | Reached skill level 1 in Short Blades
    15 | D        | Reached skill level 1 in Axes
    15 | D        | Reached skill level 1 in Maces & Flails
    15 | D        | Reached skill level 1 in Polearms
    15 | D        | Reached skill level 1 in Staves
    15 | D        | Reached skill level 1 in Ranged Weapons
    15 | D        | Reached skill level 1 in Throwing
    15 | D        | Reached skill level 1 in Armour
    15 | D        | Reached skill level 1 in Dodging
    15 | D        | Reached skill level 1 in Stealth
    15 | D        | Reached skill level 1 in Shields
    15 | D        | Reached skill level 1 in Unarmed Combat
    15 | D        | Reached skill level 1 in Evocations
    15 | D        | Reached skill level 1 in Shapeshifting
    15 | D        | Reached XP level 2. HP: 24/29 MP: 6/6
   139 | D        | Noticed a bombardier beetle
   139 | D        | Noticed a bombardier beetle
   147 | D        | Killed a bombardier beetle
   148 | D        | Reached skill level 1 in Conjurations
   148 | D        | Reached skill level 1 in Hexes
   148 | D        | Reached skill level 1 in Summonings
   148 | D        | Reached skill level 1 in Necromancy
   148 | D        | Reached skill level 1 in Translocations
   148 | D        | Reached skill level 1 in Ice Magic
   148 | D        | Reached skill level 1 in Air Magic
   148 | D        | Reached skill level 1 in Earth Magic
   148 | D        | Reached skill level 1 in Alchemy
   148 | D        | Reached XP level 3. HP: 26/35 MP: 8/8
   155 | D        | Reached XP level 4. HP: 14/43 MP: 9/9
   170 | D        | Reached XP level 5. HP: 18/48 MP: 11/11
   175 | D        | Found a roughly hewn altar of Beogh.
   175 | D        | Found a snail-covered altar of Cheibriados.
   175 | D        | Found a shadowy altar of Dithmenos.
   175 | D        | Found a white marble altar of Elyvilon.
   175 | D        | Found a blossoming altar of Fedhas.
   175 | D        | Found an opulent altar of Gozag.
   176 | D        | Found a hazy altar of Hepliaklqana.
   177 | D        | Found a viscous altar of Jiyva.
   178 | D        | Found an ancient bone altar of Kikubaaqudgha.
   179 | D        | Found a corrupted altar of Lugonu.
   288 | D        | Found a burning altar of Makhleb.
   289 | D        | Found a sparkling altar of Nemelex Xobeh.
   290 | D        | Found an iron altar of Okawaru.
   291 | D        | Found a stormy altar of Qazlal.
   292 | D        | Found a sacrificial altar of Ru.
   293 | D        | Found a shimmering blue altar of Sif Muna.
   294 | D        | Found a bloodstained altar of Trog.
   295 | D        | Found a hide-covered altar of Uskayaw.
   296 | D        | Found a radiant altar of Vehumet.
   297 | D        | Found an ornate altar of the Wu Jian Council.
   298 | D        | Found a shimmering altar of Xom.
   299 | D        | Found a basalt altar of Yredelemnul.
   300 | D        | Found a glowing silver altar of Zin.
   301 | D        | Found a glowing golden altar of the Shining One.
   322 | D        | Learned a level 2 spell: Scorch
   353 | D        | Noticed an orc warrior
   353 | D        | Noticed a yak
   353 | D        | Noticed a kobold brigand
   353 | D        | Noticed a yak
   358 | D        | Killed a yak
   359 | D        | Reached skill level 5 in Spellcasting
   359 | D        | Reached XP level 6. HP: 46/56 MP: 9/13
   365 | D        | Reached skill level 5 in Invocations
   367 | D        | Killed a yak
   368 | D        | Reached skill level 5 in Short Blades
   368 | D        | Reached skill level 5 in Axes
   368 | D        | Reached skill level 5 in Maces & Flails
   368 | D        | Reached skill level 5 in Polearms
   368 | D        | Reached skill level 5 in Staves
   368 | D        | Reached skill level 5 in Ranged Weapons
   368 | D        | Reached skill level 5 in Throwing
   368 | D        | Reached skill level 5 in Armour
   368 | D        | Reached skill level 5 in Dodging
   368 | D        | Reached skill level 5 in Stealth
   368 | D        | Reached skill level 5 in Shields
   368 | D        | Reached skill level 5 in Unarmed Combat
   368 | D        | Reached skill level 5 in Evocations
   368 | D        | Reached XP level 7. HP: 63/63 MP: 10/16
   379 | D        | Reached skill level 5 in Shapeshifting
   419 | D        | Noticed a cyclops
   419 | D        | Noticed a salamander
   419 | D        | Noticed a cyclops
   419 | D        | Noticed a slime creature
   419 | D        | Noticed a two-headed ogre
   429 | D        | Killed a two-headed ogre
   430 | D        | Reached skill level 5 in Conjurations
   430 | D        | Reached skill level 5 in Hexes
   430 | D        | Reached skill level 5 in Summonings
   430 | D        | Reached skill level 5 in Necromancy
   430 | D        | Reached skill level 5 in Translocations
   430 | D        | Reached skill level 5 in Ice Magic
   430 | D        | Reached skill level 5 in Air Magic
   430 | D        | Reached skill level 5 in Earth Magic
   430 | D        | Reached skill level 5 in Alchemy
   430 | D        | Reached XP level 8. HP: 62/71 MP: 17/19
   434 | D        | Killed a slime creature
   447 | D        | Killed a cyclops
   448 | D        | Reached skill level 10 in Fighting
   448 | D        | Reached skill level 10 in Long Blades
   448 | D        | Reached XP level 9. HP: 57/78 MP: 9/21
   456 | D        | a salamander changed into an ogre
   458 | D        | Killed a cyclops
   469 | D        | Killed an unseen horror
   639 | D        | Learned a level 4 spell: Anguish
   643 | D        | Learned a level 3 spell: Fugue of the Fallen
   659 | D        | Noticed a komodo dragon
   676 | D        | Noticed a komodo dragon
   680 | D        | Killed a komodo dragon
   687 | D        | Killed a komodo dragon
   688 | D        | Reached XP level 10. HP: 64/86 MP: 23/23
   761 | D        | Noticed a cane toad
   761 | D        | Noticed a torpor snail
   763 | D        | Noticed a cane toad
   954 | D        | Killed a torpor snail
   955 | D        | Reached skill level 10 in Invocations
   972 | D        | Killed a cane toad
   975 | D        | Killed a cane toad
  1079 | D        | Noticed a lindwurm
  1129 | D        | Killed a lindwurm
  1130 | D        | Reached skill level 10 in Spellcasting
  1346 | D        | Reached skill level 10 in Fire Magic
  1565 | D        | Reached skill level 10 in Short Blades
  1565 | D        | Reached skill level 10 in Axes
  1565 | D        | Reached skill level 10 in Maces & Flails
  1565 | D        | Reached skill level 10 in Polearms
  1565 | D        | Reached skill level 10 in Staves
  1565 | D        | Reached skill level 10 in Ranged Weapons
  1565 | D        | Reached skill level 10 in Throwing
  1565 | D        | Reached skill level 10 in Armour
  1565 | D        | Reached skill level 10 in Dodging
  1565 | D        | Reached skill level 10 in Stealth
  1565 | D        | Reached skill level 10 in Shields
  1565 | D        | Reached skill level 10 in Unarmed Combat
  1565 | D        | Reached skill level 10 in Evocations
  1565 | D        | Reached XP level 11. HP: 88/95 MP: 25/25
  1635 | D        | Noticed Josephine
  1666 | D        | Killed Josephine
  1961 | D        | Noticed an orc knight
  1973 | D        | Killed an orc knight
  1984 | D        | Killed from afar by an orc priest

Illustrated notes

Levels and vault maps discovered:
D:        linesprint [early_d, line_temple, items_1, d_10, items_2, lair_1,
          lair_end, items_3, orc_1, orc_end, items_4, d_15, swamp_1, shoals_1,
          snake_1, spider_1, d_20, vaults_1, items_5, swamp_end, shoals_end,
          snake_end, spider_end, vaults_end, d_27, items_6, zot_1, zot_end,
          crypt_end, forest_end, elf_end, slime_end, tomb_end, abyss_end,
          pan_hell_end]

Skill      XL: |  1  2  3  4  5  6  7  8  9 10 11 |
---------------+----------------------------------+-----
Invocations    | 1 2 3 4 5 7 8 9 10 11 | 11.4
Short Blades   | 1 2 3 4 5 6 7 8 10 | 10.5
Axes           | 1 2 3 4 5 6 7 8 10 | 10.5
Maces & Flails | 1 2 3 4 5 6 7 8 10 | 10.5
Polearms       | 1 2 3 4 5 6 7 8 10 | 10.5
Staves         | 1 2 3 4 5 6 7 8 10 | 10.5
Ranged Weapons | 1 2 3 4 5 6 7 8 10 | 10.5
Throwing       | 1 2 3 4 5 6 7 8 10 | 10.5
Armour         | 1 2 3 4 5 6 7 8 10 | 10.5
Dodging        | 1 2 3 4 5 6 7 8 10 | 10.5
Stealth        | 1 2 3 4 5 6 7 8 10 | 10.5
Shields        | 1 2 3 4 5 6 7 8 10 | 10.5
Unarmed Combat | 1 2 3 4 5 6 7 8 10 | 10.5
Spellcasting   | 3 4 5 6 7 8 9 10 | 10.9
Evocations     | 1 2 3 4 5 6 7 8 10 | 10.5
Shapeshifting  | 1 2 3 4 6 7 9 |  9.7
Conjurations   | 1 2 3 4 5 6 7 8 |  8.8
Hexes          | 1 2 3 4 5 6 7 8 |  8.8
Summonings     | 1 2 3 4 5 6 7 8 |  8.8
Necromancy     | 1 2 3 4 5 6 7 8 |  8.8
Translocations | 1 2 3 4 5 6 7 8 |  8.8
Ice Magic      | 1 2 3 4 5 6 7 8 |  8.8
Air Magic      | 1 2 3 4 5 6 7 8 |  8.8
Earth Magic    | 1 2 3 4 5 6 7 8 |  8.8
Alchemy        | 1 2 3 4 5 6 7 8 |  8.8
Fighting       | 7 8 9 10 11 12 | 12.3
Long Blades    | 7 8 9 10 11 12 | 12.3
Fire Magic     | 6 7 8 9 10 | 10.4

Action                     |  1- 3 |  4- 6 |  7- 9 | 10-12 || total
---------------------------+-------+-------+-------+-------++-------
  Melee: Falchion          |    23 |    12 |       |       ||    35
         Bite              |     3 |     4 |     9 |    20 ||    36
         Scimitar          |       |    11 |    72 |   177 ||   260
   Cast: Scorch            |       |     1 |     7 |     4 ||    12
         Fugue of the Fall |       |       |       |     3 ||     3
         Anguish           |       |       |       |     1 ||     1
 Invoke: Fiery Armour      |     2 |     2 |     3 |     1 ||     8
         Foxfire Swarm     |       |       |     3 |       ||     3
  Evoke: Wand              |       |       |     1 |       ||     1
    Use: Potion            |       |     4 |     2 |     8 ||    14
         Scroll            |       |       |     2 |     1 ||     3
 Armour: Robe              |    10 |     5 |       |       ||    15
         Chain mail        |       |     5 |    46 |   116 ||   167
  Dodge: Dodged            |     7 |     4 |    37 |    82 ||   130

Table legend: (Time is in decaauts)
 A = Elapsed time spent in this place.
 B = Non-inter-level travel time spent in this place.
 C = Inter-level travel time spent in this place.
 D = Time resting spent in this place.
 E = Time spent auto-exploring this place.
 F = Levels seen in this place.
 G = Mean time per level.
                   A        B        C        D        E       F      G
               +--------+--------+--------+--------+--------+-----+--------+
         Total |   1987 |   1987 |      0 |   1264 |      0 |   1 | 1987.0 |
       Dungeon |   1987 |   1987 |      0 |   1264 |      0 |   1 | 1987.0 |
               +--------+--------+--------+--------+--------+-----+--------+

Top non-repeatable levels by time:
       D: 1987 daAuts
